 Dungeon Crawl Stone Soup version 0.24-a0-586-g8e0e932 (webtiles) character file.

Game seed: 12657281679405107270, levelgen mode: deterministic

55 Gashadokuro the Shield-Bearer (level 3, -3/23 HPs)
             Began as a Gargoyle Fighter on Sept 7, 2019.
             Slain by a goblin
             ... wielding a +0 mace
             ... led by Robin
              (6 damage)
             ... on level 3 of the Dungeon.
             The game lasted 00:05:17 (875 turns).

Gashadokuro the Shield-Bearer (Gargoyle Fighter)     Turns: 875, Time: 00:05:17

Health: -3/23      AC: 11    Str: 20    XL:     3   Next: 93%
Magic:  3/3        EV:  8    Int:  8    God:
Gold:   27         SH:  9    Dex: 12    Spells: 2/2 levels left

rFire    + . .     SeeInvis .   u - +2 dagger (venom)
rCold    . . .     Gourm    .   c - +0 shield
rNeg     + . .     Faith    .   o - +2 ring mail {rF+}
rPois    ∞         Spirit   .   (no helmet)
rElec    +         Reflect  .   (no cloak)
rCorr    .         Harm     .   (no gloves)
MR       .....                  (no boots)
Stlth    +.........             (no amulet)
HPRegen  0.07/turn              v - +3 ring of dexterity
MPRegen  0.08/turn              (no ring)

@: no status effects
A: negative energy resistance 1, electricity resistance, unbreathing,
petrification resistance, rot immunity, AC +3
a: no special abilities


You were on level 3 of the Dungeon.
You were not hungry.

You visited 1 branch of the dungeon, and saw 3 of its levels.

You collected 27 gold pieces.

Inventory:

Hand Weapons
 a - a +0 flail
 g - a +0 club
 j - a +0 dagger
 m - a +0 spear
 u - a +2 dagger of venom (weapon)
 x - a +0 mace
Missiles
 p - 25 stones (quivered)
 y - 11 arrows
Armour
 b - a +0 scale mail
 c - a +0 shield (worn)
 k - a +0 ring mail
 o - a +2 ring mail of fire resistance (worn)
 z - a +0 leather armour
Jewellery
 v - a +3 ring of dexterity (left hand)
Scrolls
 e - 2 scrolls of remove curse {unknown}
 h - 3 scrolls of identify {unknown}
 l - a scroll of random uselessness {unknown}
 n - a scroll of enchant weapon {unknown}
 s - a scroll of enchant armour {unknown}
 t - a scroll of teleportation {unknown}
Potions
 d - a potion of might
 q - a potion of flight {unknown}
 r - a potion of agility {unknown}
 w - a potion of curing {unknown}
Comestibles
 f - 3 rations
 i - 4 chunks of flesh


   Skills:
 + Level 3.5 Fighting
 + Level 0.1 Short Blades
 + Level 2.7 Maces & Flails
 + Level 3.6 Armour
 + Level 0.7 Dodging
 + Level 4.0 Shields


You had 2 spell levels left.
You didn't know any spells.
Your spell library was empty.

Dungeon Overview and Level Annotations

Branches:
Dungeon (3/15)

Altars:

Annotations:
D:3 Robin


Innate Abilities, Weirdness & Mutations

You are resistant to torment.
Your stone body is resilient. (AC +3)
You are immune to poison.
You resist negative energy. (rN+)
You are resistant to electric shocks. (rElec)
You can survive without breathing.
You are immune to petrification.
You are immune to rotting.


Message History

The goblin goes into a battle-frenzy!
You closely miss Robin. You block Robin's attack. The goblin barely misses you.
You hit Robin.
Robin is lightly wounded.
Robin hits you but does no damage. You block the goblin's attack.
You hit Robin.
Robin is moderately wounded.
Robin hits you but does no damage. You block the goblin's attack.
Robin barely misses you.
Your shield prevents you from hitting Robin.
Robin is moderately wounded.
The goblin hits you but does no damage. Robin hits you but does no damage.
You hit Robin.
Robin is poisoned.
Robin is heavily wounded.
You block the goblin's attack. Robin hits you with a +0 short sword.
* * * LOW HITPOINT WARNING * * *
You hit Robin.
Robin looks as sick as possible!
Robin is heavily wounded.
Robin barely misses you. The goblin hits you with a +0 mace.
You die...

####.#####
>...##..
#..##.#
#..##.#####.#
#....).......
#..†)†#
#.#()##
#g#.#.#
#@#)##.#
#.g)# .#
##### . .. ##


You could see Robin and a goblin.

Vanquished Creatures
  3 dart slugs (D:1)
  2 leopard geckos
  An orc (D:2)
  12 goblins
  6 hobgoblins
  5 jackals
  4 bats
  A frilled lizard (D:1)
  6 rats
40 creatures vanquished.

Notes
Turn   | Place    | Note
-------+----------+-------------------------------------------
     0 | D:1      | Gashadokuro the Gargoyle Fighter began the quest for the
                  | Orb.
     0 | D:1      | Reached XP level 1. HP: 14/14 MP: 1/1
   101 | D:1      | Reached XP level 2. HP: 11/19 MP: 2/2
   397 | D:2      | Reached XP level 3. HP: 23/23 MP: 3/3
   838 | D:3      | Noticed Robin
   859 | D:3      | Reached skill level 4 in Shields
   875 | D:3      | Slain by a goblin

Levels and vault maps discovered:
D:1:      minmay_arrival_stair_chambers, layout_basic, hex_tiny
D:2:      layout_loops_ring, first_ration
D:3:      layout_loops_ring, old_standard_altar,
          chequers_temple_overflow_statue_of_worship, serial_bayou,
          serial_bayou_crossing, serial_bayou_lagoon_a, serial_bayou_lake_a,
          serial_bayou_pond_d, serial_bayou_pond_d, serial_bayou_ford_a,
          uniq_ijyb, uniq_crazy_yiuf_cottage, uniq_terence, uniq_robin

Skill      XL: |  1  2  3 |
---------------+----------+-----
Shields        | 4 |  4.0
Fighting       | |  3.5
Short Blades   | |  0.1
Maces & Flails | |  2.7
Armour         | |  3.6
Dodging        | |  0.7

Action                   || total
-------------------------++-------
Melee: Flail             ||    76
       Dagger            ||    54
Armor: Scale mail        ||    42
       Ring mail         ||    84
Dodge: Dodged            ||    72
Block: Shield            ||   133

Table legend:
 A = Non-vault XP
 B = Vault XP
 C = Vault XP percentage of total XP
 D = Non-vault monster count
 E = Vault monster count
 F = Vault count percentage of total count
                 A         B        C        D         E       F
            +---------+---------+-------+---------+---------+-------
      Total |      61 |      18 |  22.8 |      31 |       9 |  22.5
            +---------+---------+-------+---------+---------+-------
        D:1 |      36 |       0 |   0.0 |      18 |       0 |   0.0
        D:2 |      20 |       0 |   0.0 |      10 |       0 |   0.0
        D:3 |       5 |      18 |  78.3 |       3 |       9 |  75.0
            +---------+---------+-------+---------+---------+-------
